 Dungeon Crawl Stone Soup version 0.23-a0-375-g66a18ee (webtiles) character file.

415 Cryolive the Digger (level 6, -8/32 HPs)
             Began as a Gargoyle Earth Elementalist on Oct 26, 2018.
             Mangled by Pikel
             ... wielding a +0 whip of flaming
              (9 damage)
             ... on level 4 of the Dungeon.
             The game lasted 00:15:22 (4319 turns).

Cryolive the Digger (Gargoyle Earth Elementalist)   Turns: 4319, Time: 00:15:22

Health: -8/32      AC:  6    Str: 12    XL:     6   Next: 91%
Magic:  2/12       EV: 11    Int: 17    God:
Gold:   118        SH:  5    Dex: 10    Spells: 9/13 levels left

rFire    . . .     SeeInvis .   r - +1 morningstar (freeze)
rCold    . . .     Gourm    .   v - +2 buckler
rNeg     + . .     Faith    .   c - +0 robe
rPois    ∞         Spirit   .   (no helmet)
rElec    +         Reflect  .   (no cloak)
rCorr    .         Harm     .   (no gloves)
MR       .....     Rnd*Tele +   (no boots)
Stlth    ++........             q - amulet of magic regeneration
HPRegen  0.10/turn              i - ring of wizardry
MPRegen  0.38/turn              k - ring of teleportation (curse)

@: no status effects
A: negative energy resistance 1, electricity resistance, unbreathing,
petrification resistance, rot immunity, AC +4
a: no special abilities


You were on level 4 of the Dungeon.
You were not hungry.

You visited 1 branch of the dungeon, and saw 5 of its levels.

You collected 118 gold pieces.

Inventory:

Hand Weapons
 a - a +1 whip
 r - a +1 morningstar of freezing (weapon)
Missiles
 b - 80 stones (quivered)
 j - 8 javelins
Armour
 c - a +0 robe (worn)
 f - a +0 large shield
 v - a +2 buckler (worn)
Jewellery
 i - a ring of wizardry (left hand)
 k - a cursed ring of teleportation (right hand)
 q - an amulet of magic regeneration (around neck)
Wands
 p - a wand of polymorph (10)
 s - a wand of random effects (27)
Scrolls
 g - a scroll of fear
 h - 5 scrolls of identify
 t - a scroll of teleportation
 u - a scroll of amnesia {unknown}
Potions
 l - a potion of lignification {unknown}
 m - a potion of resistance {unknown}
 n - 2 potions of brilliance
 o - a potion of cancellation {unknown}
Comestibles
 d - 8 rations


   Skills:
 - Level 1.5 Dodging
 - Level 2.1 Stealth
 + Level 4.2 Spellcasting
 + Level 3.6 Conjurations
   Level 0.7 Transmutations
 + Level 6.1 Earth Magic


You had 9 spell levels left.
You knew the following spells:

 Your Spells              Type           Power        Failure   Level  Hunger
a - Sandblast             Erth           ###...       1%          1    None
b - Stone Arrow           Conj/Erth      ###...       4%          3    ###....

Your spell library contained the following spells:

 Spells                   Type           Power        Failure   Level  Hunger
 Passwall                 Tmut/Erth      ###.....     4%          2    ##.....
 Lee's Rapid Deconstruct  Erth           ###.......   22%         5    ######.
 Petrify                  Tmut/Erth      ###.....     24%         4    ####...


Dungeon Overview and Level Annotations

Branches:
Dungeon (5/15)
 Temple: D:4-7

Altars:
Makhleb
Ru
Sif Muna
Wu Jian
Xom

Annotations:
D:3 2 transporters
D:4 Pikel


Innate Abilities, Weirdness & Mutations

You are resistant to torment.
Your stone body is resilient. (AC +4)
You are immune to poison.
You resist negative energy. (rN+)
You are resistant to electric shocks. (rElec)
You can survive without breathing.
You are immune to petrification.
You are immune to rotting.


Message History

Pikel is severely wounded.
The slave hits you but does no damage.
Pikel hits you with a +0 whip of flaming.
* * * LOW HITPOINT WARNING * * *
Pikel burns you.
* * * LOW HITPOINT WARNING * * *
The slave hits you.
* * * LOW HITPOINT WARNING * * *
Pikel misses you.
Casting: Stone Arrow (safe; 4% risk of failure)
Confirm with . or Enter, or press ? or * to list all spells.
Aiming: Sandblast (safe; 1% risk of failure)
Press: ? - help, Shift-Dir - straight line, f/p - Pikel
Aim: Pikel, wielding a +0 whip of flaming, wearing a +1 robe of cold resistance The blast of sand misses Pikel.
The blast of sand hits the slave.
The slave is heavily wounded.
b - 80 stones You block the slave's attack.
Pikel hits you with a +0 whip of flaming!
You die...

##...###.#.# # ##########
##.####.#.########## .........#
#.##.....##........
.#######.######..#.....##.#####..
.# #.................##.# #.. .#
#.#.#######.#.....##.# #.. .#
#.#.# #p#....>##.# #.# .# ###.#.#
#K###.####.#####.# .# #)..#.# #@#
#.###......... .# #.###.# #p#
#........###.# .###.# #.#
#.#######...## #.# .....# #.#
#..[.....#.## #.# #.##.###.#
#.######.#.#####.#
...#.....#######.# #.#........
.................# #.###.)....
...#..##########.#### #.# #.#####
..##.## #....# #.# #.# #


You could see Pikel and 2 slaves.

Vanquished Creatures
  A slave (D:4)
  An ogre (D:4)
  A scorpion (D:4)
  A hound (D:4)
  An orc wizard (D:4)
  A worker ant (D:4)
  A hound skeleton (D:4)
  7 adders
  An ooze (D:1)
  2 adder skeletons (D:4)
  15 dart slugs
  3 leopard geckos
  4 orcs (D:4)
  3 giant cockroaches
  3 hobgoblins
  10 jackals
  5 kobolds
  A quokka (D:4)
  A ball python (D:2)
  4 bats
  5 frilled lizards
  10 goblins
  6 rats
87 creatures vanquished.

Notes
Turn   | Place    | Note
-------+----------+-------------------------------------------
     0 | D:1      | Cryolive the Gargoyle Earth Elementalist began the quest
                  | for the Orb.
     0 | D:1      | Reached XP level 1. HP: 10/10 MP: 3/3
   112 | D:1      | Reached skill level 4 in Earth Magic
   112 | D:1      | Reached XP level 2. HP: 3/15 MP: 0/5
   640 | D:1      | Reached XP level 3. HP: 14/19 MP: 6/6
   645 | D:1      | Learned a level 3 spell: Stone Arrow
  1138 | D:2      | Reached skill level 1 in Conjurations
  1138 | D:2      | Reached XP level 4. HP: 10/24 MP: 2/8
  1493 | D:2      | Found a sacrificial altar of Ru.
  1829 | D:2      | Found a glowing golden altar of the Shining One.
  1831 | D:2      | Found a snail-covered altar of Cheibriados.
  1831 | D:2      | Found a snail-covered altar of Cheibriados.
  1833 | D:2      | Found a shimmering altar of Xom.
  1833 | D:2      | Found an ornate altar of the Wu Jian Council.
  1833 | D:2      | Found a hazy altar of Hepliaklqana.
  1940 | D:3      | Found a deep blue altar of Sif Muna.
  2171 | D:3      | Reached skill level 5 in Earth Magic
  2484 | D:3      | Found a transporter.
  2500 | D:3      | Found a transporter.
  2728 | D:4      | Reached XP level 5. HP: 28/28 MP: 6/9
  3375 | D:4      | Found a burning altar of Makhleb.
  3483 | D:4      | Noticed an ogre
  3487 | D:4      | Killed an ogre
  3487 | D:4      | Reached XP level 6. HP: 29/32 MP: 5/11
  3563 | D:4      | Found an ornate altar of the Wu Jian Council.
  3713 | D:4      | Reached skill level 6 in Earth Magic
  4074 | D:5      | Entered Level 5 of the Dungeon
  4086 | D:5      | Noticed a slave
  4087 | D:5      | Noticed a slave
  4089 | D:5      | Noticed a slave
  4091 | D:5      | Noticed Pikel
  4133 | D:4      | Killed a slave
  4305 | D:5      | Noticed a slave
  4318 | D:4      | HP: 1/32 [slave[Pikel] (1)]
  4319 | D:4      | Mangled by Pikel

Vault maps used:
D:1:      arrival_zaba_pyramid
D:2:      doesnt_xom_only_xom, nicolae_ru_awakened_eye
D:3:      gammafunk_wand_slinger, old_standard_altar, first_ration
D:4:      kennysheep_slugbush, overflow_temple_1_default, bloody_makhleb,
          hangedman_decor_clover_reticule
D:5:      gammafunk_cloud_chamber, okawaru_metal_pillars_1_2,
          minmay_temple_entry_mist, uniq_pikel

Skill      XL: |  1  2  3  4  5  6 |
---------------+-------------------+-----
Earth Magic    | 4 5 6 |  6.1
Conjurations   | 1 2 3 |  3.6
Spellcasting   | 3 4 |  4.2
Dodging        | |  1.5
Stealth        | |  2.1
Transmutations | |  0.7

Action                   |  1- 3 |  4- 6 || total
-------------------------+-------+-------++-------
Melee: Whip              |    93 |   175 ||   268
       Unarmed           |    14 |       ||    14
       Morningstar       |       |    36 ||    36
 Cast: Sandblast         |    20 |    51 ||    71
       Stone Arrow       |     2 |    17 ||    19
  Use: Scroll            |       |     7 ||     7
       Potion            |       |     1 ||     1
 Stab: Sleeping          |     1 |       ||     1
  Eat: Chunk             |     1 |     7 ||     8
       Ration            |       |     2 ||     2
Armor: Robe              |    41 |   103 ||   144
Dodge: Dodged            |    80 |   188 ||   268
Block: Buckler           |       |    29 ||    29

Table legend:
 A = Non-vault XP
 B = Vault XP
 C = Vault XP percentage of total XP
 D = Non-vault monster count
 E = Vault monster count
 F = Vault count percentage of total count
                 A         B        C        D         E       F
            +---------+---------+-------+---------+---------+-------
      Total |     553 |      40 |   6.7 |      76 |      10 |  11.6
            +---------+---------+-------+---------+---------+-------
        D:1 |      48 |       0 |   0.0 |      22 |       0 |   0.0
        D:2 |      76 |       0 |   0.0 |      18 |       0 |   0.0
        D:3 |      27 |       0 |   0.0 |       8 |       0 |   0.0
        D:4 |     402 |      40 |   9.0 |      28 |      10 |  26.3
            +---------+---------+-------+---------+---------+-------
